 Dungeon Crawl Stone Soup version 0.29.1-13-g9f3cf754e1 (webtiles) character file.

Game seed: 6335090201268718211

720 hawla the Chiller (level 8, -2/58 HPs)
             Began as a Meteoran Ice Elementalist on Jan 23, 2023.
             Was an Initiate of Vehumet.
             Slain by Edmund
             ... wielding a +2 dire flail of protection
              (9 damage)
             ... on level 6 of the Dungeon.
             The game lasted 00:08:37 (1182 turns).

hawla the Chiller (Meteoran Ice Elementalist)       Turns: 1182, Time: 00:08:38

Health: -2/58      AC:  2    Str:  9    XL:     8   Next: 22%
Magic:  0/15       EV: 13    Int: 19    God:    Vehumet [......]
Gold:   63         SH:  0    Dex: 15    Spells: 2/15 levels left

rFire   . . .      SeeInvis .   (no weapon)
rCold   . . .      Faith    .   (no shield)
rNeg    . . .      Spirit   .   a - +0 robe
rPois   .          Reflect  .   (no helmet)
rElec   .          Harm     .   (no cloak)
rCorr   .          Rampage  .   (no gloves)
Will    +....                   (no boots)
Stlth   +.........              i - amulet of regeneration
HPRegen 0.99/turn               (no ring)
MPRegen 0.14/turn               (no ring)

@: mighty, brilliant, freezing walls, flying, glowing, invisible (but backlit
and visible)
A: sense surroundings 1, otherworldly, glowing, explore regen
a: Renounce Religion


You were on level 6 of the Dungeon.
You worshipped Vehumet.
Vehumet was noncommittal.
You visited 2 branches of the dungeon, and saw 7 of its levels.

You collected 63 gold pieces.

Inventory:

Armour
 a - a +0 robe (worn)
Jewellery
 i - an amulet of regeneration (around neck)
Scrolls
 g - a scroll of fog
Potions
 d - 4 potions of flight
 e - a potion of ambrosia


   Skills:
 + Level 0.3 Fighting
 + Level 2.9 Dodging
 - Level 1.4 Stealth
 + Level 4.2 Spellcasting
 + Level 5.5 Conjurations
 + Level 5.5 Transmutations
 + Level 5.7 Ice Magic


You had 2 spell levels left.
You knew the following spells:

 Your Spells              Type           Power      Damage    Failure   Level
a - Freeze                Ice            100%       1d11      1%          1
b - Frozen Ramparts       Ice            76%        1d12      3%          3
c - Hailstorm             Conj/Ice       38%        3d9       13%         4
d - Irradiate             Conj/Tmut      18%        3d17      36%         5

Your spell library contained the following spells:

 Spells                   Type           Power      Damage    Failure   Level
 Apportation              Tloc           12%        N/A       14%         1
 Sublimation of Blood     Necr           6%         N/A       21%         2
 Ozocubu's Armour         Ice            38%        N/A       3%          3
 Petrify                  Tmut/Erth      21%        N/A       41%         4
 Alistair's Intoxication  Tmut/Pois      14%        N/A       77%         5


Dungeon Overview and Level Annotations

Branches:
Dungeon (6/15) Zot: 2472   Temple (1/1) D:5 Zot: 563

Altars:
Ashenzari
Cheibriados
Hepliaklqana
Kikubaaqudgha
Makhleb
Nemelex Xobeh
Okawaru
Qazlal
Trog
Vehumet
Wu Jian
Zin
The Shining One

Annotations:
D:5 Grinder
D:6 Edmund


Innate Abilities, Weirdness & Mutations

You passively map a small area around you.
You are easily found by Zot.
You glow in the dark.
You regain HP and MP as you explore.


Message History

Unknown command.
Casting: Hailstorm (dangerous; 14% risk of failure)
Confirm with . or Enter, or press ? or * to list all spells.
Aiming: Freeze (safe; 1% risk of failure)
Press: ? - help, Shift-Dir - straight line, f - Edmund
Aim: Edmund, wielding a +2 dire flail of protection and wearing a +0 scale mail (moderately wounded)
You feel a surge of power!
You freeze Edmund!
Edmund is heavily wounded.
The wall freezes Edmund but does no damage.
Edmund hits you but does no damage.
The wall freezes the iguana.
You kill the iguana!
Vehumet accepts your kill.
Casting: Freeze (safe; 1% risk of failure)
Confirm with . or Enter, or press ? or * to list all spells.
Aiming: Freeze (safe; 1% risk of failure)
Press: ? - help, Shift-Dir - straight line, f/p - Edmund
Aim: Edmund, wielding a +2 dire flail of protection and wearing a +0 scale mail (heavily wounded)
You feel a surge of power!
You freeze Edmund.
Edmund is heavily wounded.
The wall freezes Edmund.
Edmund barely misses you.
Casting: Freeze (safe; 1% risk of failure)
Confirm with . or Enter, or press ? or * to list all spells.
Aiming: Freeze (safe; 1% risk of failure)
Press: ? - help, Shift-Dir - straight line, f/p - Edmund
Aim: Edmund, wielding a +2 dire flail of protection and wearing a +0 scale mail (heavily wounded)
You feel a surge of power!
You freeze Edmund.
Edmund is severely wounded.
The wall freezes Edmund but does no damage.
Edmund hits you with a +2 dire flail of protection!
* * * LOW HITPOINT WARNING * * *
Casting: Freeze (safe; 1% risk of failure)
Confirm with . or Enter, or press ? or * to list all spells.
Aiming: Freeze (safe; 1% risk of failure)
Press: ? - help, Shift-Dir - straight line, f/p - Edmund
Aim: Edmund, wielding a +2 dire flail of protection and wearing a +0 scale mail (severely wounded)
You feel a surge of power!
You freeze Edmund.
Edmund is severely wounded.
The wall freezes Edmund but does no damage.
Edmund hits you with a +2 dire flail of protection!
You die...

,............#.#
* ~
#...............
##.......§.......
~
~~...............
~~.....§..§§.....
, .......w§§.##.#
~ ............# #
, ~ .###@##..##.#
** #@††.## ...*
###†.# * ### ,
#### , *


You could see Edmund.

Vanquished Creatures
  An ogre (D:5)
  2 scorpions
  5 hounds
  A gnoll bouda (D:5)
  A jelly (D:6)
  2 iguanas
  4 gnolls (D:5)
  4 adders
  A worm (D:6)
  12 orcs
  3 endoplasms
  2 goblins (D:4)
  4 hobgoblins (D:4)
  2 jackals (D:3)
  2 quokkas
46 creatures vanquished.

Vanquished Creatures (collateral kills)
  A phantom (D:5)
  An iguana (D:5)
  An orc wizard (D:5)
  An adder (D:5)
  An orc (D:5)
5 creatures vanquished.

Vanquished Creatures (others)
  2 plants (D:5)
2 creatures vanquished.

Grand Total: 53 creatures vanquished

Notes
Turn   | Place    | Note
-------+----------+-------------------------------------------
     0 | D:1      | hawla the Meteoran Ice Elementalist began the quest for the
                  | Orb.
     0 | D:1      | Reached XP level 1. HP: 14/14 MP: 5/5
   102 | D:3      | Reached XP level 2. HP: 11/20 MP: 0/6
   161 | D:4      | Reached skill level 5 in Ice Magic
   178 | D:4      | Reached XP level 3. HP: 26/26 MP: 4/8
   216 | D:4      | Learned a level 3 spell: Frozen Ramparts
   249 | D:4      | Reached XP level 4. HP: 16/33 MP: 2/10
   254 | D:4      | Learned a level 4 spell: Hailstorm
   338 | D:4      | Reached XP level 5. HP: 35/38 MP: 5/11
   634 | D:5      | Entered Level 5 of the Dungeon
   634 | D:5      | Found a hazy altar of Hepliaklqana.
   813 | D:5      | Noticed an ogre
   821 | D:5      | Killed an ogre
   822 | D:5      | Reached XP level 6. HP: 45/45 MP: 2/12
   829 | D:5      | Reached skill level 5 in Conjurations
   868 | D:5      | Reached XP level 7. HP: 29/50 MP: 1/13
   921 | D:5      | Learned a level 5 spell: Irradiate
  1029 | D:5      | Reached skill level 1 in Transmutations
  1051 | D:5      | Found a staircase to the Ecumenical Temple.
  1089 | Temple   | Entered the Ecumenical Temple
  1116 | Temple   | Became a worshipper of Vehumet
  1134 | D:6      | Noticed Grinder
  1135 | D:6      | Noticed Edmund
  1177 | D:6      | Reached skill level 5 in Transmutations
  1177 | D:6      | Reached XP level 8. HP: 21/57 MP: 3/15
  1182 | D:6      | Slain by Edmund

Illustrated notes

Levels and vault maps discovered:
D:1:      dpeg_arrival_rooms_b, layout_loops_ring, serial_shops, shop,
          nicolae_shop_waterfront, nicolae_shop_statue_plus, shop,
          nicolae_shop_crystal
D:2:      layout_rooms, serial_shops, shop, basic_altar, uniq_crazy_yiuf_cottage
D:3:      minmay_chambers_of_threes, layout_loops_ring,
          mainiacjoe_overflow_big_doors, minivault_26, uniq_sigmund,
          uniq_jessica
D:4:      layout_basic
D:5:      nicolae_cairo_tiling_large_dashed, layout_gridville,
          mainiacjoe_overflow_catwalk, minmay_temple_entry_gardened_gates,
          nrook_uturn
D:6:      layout_rooms, cheibrodos_sewer_entry_sluice, uniq_edmund,
          uniq_grinder, uniq_eustachio, uniq_menkaure
Temple:   hellmonk_temple_two_chambers

Skill      XL: |  1  2  3  4  5  6  7 |
---------------+----------------------+-----
Ice Magic      | 5 |  5.7
Spellcasting   | 3 4 |  4.2
Conjurations   | 2 4 5 |  5.5
Transmutations | 5 |  5.5
Fighting       | |  0.3
Dodging        | |  2.9
Stealth        | |  1.4

Action                   |  1- 3 |  4- 6 |  7- 9 || total
-------------------------+-------+-------+-------++-------
Melee: Unarmed           |     3 |       |    34 ||    37
 Cast: Freeze            |    28 |    26 |     9 ||    63
       Frozen Ramparts   |     1 |     6 |     5 ||    12
       Hailstorm         |       |     2 |     8 ||    10
  Use: Scroll            |     1 |     4 |     2 ||     7
       Potion            |       |       |     8 ||     8
Armor: Robe              |     2 |     6 |    11 ||    19
Dodge: Dodged            |    19 |     7 |    57 ||    83
